 Dungeon Crawl Stone Soup version 0.21.1-1-g345015f (webtiles) character file.

67 shakethe the Cudgeler (level 4, -4/34 HPs)
             Began as a Demonspawn Gladiator on Feb 25, 2018.
             Killed from afar by Sigmund (6 damage)
             ... with a puff of flame
             ... on level 3 of the Dungeon.
             The game lasted 00:02:08 (2231 turns).

shakethe the Cudgeler (Demonspawn Gladiator)        Turns: 2231, Time: 00:02:09

Health: -4/34      AC:  5    Str: 15    XL:     4   Next: 0%
Magic:  4/4        EV: 12    Int: 10    God:
Gold:   134        SH:  0    Dex: 14    Spells: 3/3 levels left

rFire    . . .     SeeInvis .   a - +0 flail
rCold    . . .     Gourm    .   (no shield)
rNeg     . . .     Faith    .   b - +0 leather armour
rPois    .         Spirit   .   (helmet restricted)
rElec    .         Reflect  .   (no cloak)
rCorr    .         Harm     .   (no gloves)
MR       .....                  (no boots)
Stlth    +.........             (no amulet)
HPRegen  0.11/turn              (no ring)
MPRegen  0.09/turn              (no ring)

@: no status effects
A: horns 2, yellow scales 1
a: no special abilities


You were on level 3 of the Dungeon.
You were not hungry.

You visited 1 branch of the dungeon, and saw 3 of its levels.

You collected 134 gold pieces.

Inventory:

Hand Weapons
 a - a +0 flail (weapon)
Missiles
 h - 77 stones (quivered)
Armour
 b - a +0 leather armour (worn)
 c - a +0 helmet
Jewellery
 l - an uncursed ring of wizardry {unknown}
   (You found it on level 2 of the Dungeon)
 q - an uncursed ring of magical power {unknown}
   (You found it on level 2 of the Dungeon)
Scrolls
 i - 2 scrolls of identify {unknown}
 k - 2 scrolls of remove curse {unknown}
 p - a scroll of enchant weapon {unknown}
 r - a scroll of noise {unknown}
 s - a scroll of immolation {unknown}
 t - a scroll of amnesia {unknown}
 v - a scroll of teleportation {unknown}
Potions
 e - a potion of might {unknown}
 g - 2 potions of mutation {unknown}
 j - 2 potions of flight {unknown}
 m - 3 potions of curing {unknown}
 n - a potion of invisibility {unknown}
 o - 2 potions of degeneration {unknown}
Comestibles
 f - 3 rations
 u - a chunk of flesh {@w0@w0}


   Skills:
 + Level 2.8 Fighting
 * Level 4.0 Maces & Flails
 - Level 1.8 Throwing
 - Level 2.7 Dodging


You had 3 spell levels left.
You didn't know any spells.

Dungeon Overview and Level Annotations

Branches:
Dungeon (3/15)

Altars:

Annotations:
D:3 Sigmund


Innate Abilities, Weirdness & Mutations

You have a pair of horns on your head.
You are partially covered in yellow scales. (AC +2)


Message History

Where to? (Enter - D:2, ? - help)
There is a stone staircase leading down here.
Things that are here:
a dagger; a kobold corpse You climb downwards.
Found a whip.
Found an escape hatch in the floor.
There is a stone staircase leading up here.
You see here a whip.
You open the door.
There is an open door here.
A giant cockroach comes into view.
The giant cockroach barely misses you. The giant cockroach bites you.
You take 2 damage, and have 26/28 hp.
You barely miss the giant cockroach. The giant cockroach misses you.
You hit the giant cockroach.
You kill the giant cockroach!
Your Maces & Flails skill increases to level 4!
You have reached level 4!
You feel stronger.
Your demonic ancestry asserts itself...
The horns on your head grow some more.
You regained 6 hp, and now have 32/34 hp.
MP restored: 4
Found a glowing spear.
m - 3 black potions (gained 1) Health restored: 34 No target in view!
No target in view!
You now have 122 gold pieces (gained 5).
You now have 134 gold pieces (gained 12).
You open the door.
Sigmund the Dreaded comes into view.
He is wielding a scythe.
Okay, then.
Aim: Sigmund, wielding a scythe and wearing a robe (resting)
Okay, then.
Aim: Sigmund, wielding a scythe and wearing a robe (resting)
You throw a throwing net {=f, !d}. The throwing net {=f, !d} hits Sigmund.
Sigmund is caught in the net!
Sigmund shouts!
Sigmund struggles against the net.
Sigmund struggles against the net.
There is an open door here.
Sigmund struggles against the net.
Found a stone staircase leading down.
Sigmund struggles against the net.
A bat comes into view.
You hit Sigmund but do no damage. You headbutt Sigmund.
Sigmund struggles against the net.
The net rips apart, and Sigmund comes free!
You barely miss Sigmund. The bat hits you but does no damage.
Sigmund hits you with a scythe.
You take 2 damage, and have 32/34 hp.
You barely miss Sigmund. The bat hits you but does no damage.
Sigmund casts a spell.
Sigmund flickers and vanishes!
Deactivating autopickup; reactivate with Ctrl-A.
You throw a throwing net {=f, !d}.
Something gets caught in the net!
Something wriggles in the net.
The bat barely misses you.
You barely miss something. The bat closely misses you.
Something wriggles in the net.
You hit something. The bat hits you but does no damage.
Something wriggles in the net.
You hit something. The bat hits you but does no damage. The bat misses you.
Something wriggles in the net.
You hit something. The bat completely misses you.
Something wriggles in the net.
All of a sudden the net rips apart!
You hear some strange, mumbled words.
A magic dart appears from out of thin air!
The magic dart hits you!
You take 5 damage, and have 28/34 hp.
You hit something but do no damage. The bat hits you but does no damage.
You hear some strange, mumbled words.
A magic dart appears from out of thin air!
The magic dart hits you!
You take 3 damage, and have 25/34 hp.
You miss something. Your headbutt misses something. The bat closely misses you.
Something hits you.
You take 2 damage, and have 23/34 hp.
You closely miss something. The bat hits you. Something barely misses you.
You barely miss something. The bat closely misses you.
You sock something! Your headbutt misses something. Something hits you.
The bat barely misses you.
You take 5 damage, and have 18/34 hp.
You miss something. The bat barely misses you.
The bat hits you but does no damage. Something hits you!
* * * LOW HITPOINT WARNING * * *
You take 11 damage, and have 7/34 hp.
MASSIVE DAMAGE!!
Aim: a bat You throw a throwing net {=f, !d}.
The throwing net {=f, !d} barely misses the bat.
You hear some strange, mumbled words.
A magic dart appears from out of thin air!
The magic dart hits you!
* * * LOW HITPOINT WARNING * * *
You take 5 damage, and have 2/34 hp.
You hit something but do no damage. The bat barely misses you.
You hear some strange, mumbled words.
A puff of flame appears from out of thin air!
The puff of flame hits you!
You die...

##...##....
##.>...(....
##...........
#............
+............ .
#.....b...... #.#.
#...{...# ##.#.#
#..@..# ....# ##...##
#..# ##'##
#..#####.######
#.....§§.......
#...≈...).≈....
#..≈≈≈≈.§.≈....
#.######.≈≈≈≈§.≈≈≈≈...
#........≈≈≈≈≈≈≈≈≈≈...


You could see a bat.

Vanquished Creatures
  2 adders (D:2)
  2 oozes (D:2)
  A worm (D:2)
  3 leopard geckos (D:2)
  2 giant cockroaches
  2 hobgoblins
  6 kobolds
  10 bats
  4 frilled lizards
  5 goblins
  4 rats
41 creatures vanquished.

Notes
Turn   | Place    | Note
-------+----------+-------------------------------------------
     0 | D:1      | shakethe the Demonspawn Gladiator began the quest for the Orb.
     0 | D:1      | Reached XP level 1. HP: 16/16 MP: 1/1
   127 | D:1      | HP: 2/16 [kobold/dagger (4)]
   443 | D:1      | Reached skill level 3 in Maces & Flails
   461 | D:1      | Gained mutation: You are partially covered in yellow scales. (AC +2) [demonic ancestry]
   461 | D:1      | Reached XP level 2. HP: 22/22 MP: 2/2
  1414 | D:2      | Gained mutation: You have a pair of small horns on your head. [demonic ancestry]
  1414 | D:2      | Reached XP level 3. HP: 23/28 MP: 3/3
  2176 | D:3      | Reached skill level 4 in Maces & Flails
  2176 | D:3      | Gained mutation: You have a pair of horns on your head. [demonic ancestry]
  2176 | D:3      | Reached XP level 4. HP: 32/34 MP: 4/4
  2211 | D:3      | Noticed Sigmund
  2229 | D:3      | HP: 7/34 [something (11)]
  2230 | D:3      | HP: 2/34 [something/magic dart (5)]
  2231 | D:3      | Killed from afar by Sigmund

Skill      XL: |  1  2  3 |
---------------+----------+-----
Maces & Flails | 3 4 |  4.0
Fighting       | |  2.8
Throwing       | |  1.8
Dodging        | |  2.7

Action                   |  1- 3 |  4- 6 || total
-------------------------+-------+-------++-------
Melee: Flail             |   113 |    14 ||   127
       Headbutt          |     3 |     1 ||     4
Throw: Throwing net      |       |     3 ||     3
  Eat: Chunk             |     4 |       ||     4
Armor: Leather armour    |    49 |     6 ||    55
Dodge: Dodged            |    74 |    10 ||    84

Vault maps used:
D:1:      scummos_arrival_hexagon
D:3:      overflow_temple_1_default, lemuel_old_faithful, uniq_sigmund

Table legend:
 A = Turns spent in this place as a percentage of turns spent in the entire game.
 B = Non-inter-level travel turns spent in this place as a percentage of non-inter-level travel turns spent in the entire game.
 C = Inter-level travel turns spent in this place as a percentage of turns spent in this place.
 D = Turns resting spent in this place as a percentage of non-inter-level travel turns spent in this place.
 E = Turns spent auto-exploring this place as a percentage of non-inter-level travel turns spent in this place.
 F = Non-inter-level travel turns spent in this place divided by the number of levels of this place that you've seen.
                   A       B       C       D       E      F
               +-------+-------+-------+-------+-------+----------------------
         Total | 100.0 | 100.0 |   4.2 |  24.0 |  59.5 | 712.3
       Dungeon | 100.0 | 100.0 |   4.2 |  24.0 |  59.5 | 712.3
               +-------+-------+-------+-------+-------+----------------------

Table legend:
 A = Kills in this place as a percentage of kills in entire the game.
 B = Kills by you in this place as a percentage of kills by you in the entire game.
 C = Kills by friends in this place as a percentage of kills by friends in the entire game.
 D = Other kills in this place as a percentage of other kills in the entire game.
 E = Experience gained in this place as a percentage of experience gained in the entire game.
 F = Experience gained in this place divided by the number of levels of this place that you have seen.
                   A       B       C       D       E      F
               +-------+-------+-------+-------+-------+----------------------
         Total | 100.0 | 100.0 |   N/A |   N/A | 100.0 |  32.3
       Dungeon | 100.0 | 100.0 |   N/A |   N/A | 100.0 |  32.3
               +-------+-------+-------+-------+-------+----------------------
